 Dungeon Crawl Stone Soup version 0.27.0-1-g7a089689b8 (webtiles) character file.

Game seed: 17547278020610491914

332720 robertstho the Crack Shot (level 20, -4/202 HPs)
             Began as a Minotaur Hunter on Aug 13, 2021.
             Was the Champion of Okawaru.
             Slain by Donald (28 damage)
             ... on level 2 of the Vaults on Aug 16, 2021.
             The game lasted 01:20:19 (43474 turns).

robertstho the Crack Shot (Minotaur Hunter)        Turns: 43474, Time: 01:20:20

Health: -4/202     AC: 42    Str: 29    XL:     20   Next: 90%
Magic:  28/28      EV: 14    Int:  8    God:    Okawaru [******]
Gold:   3183       SH:  9    Dex: 21    Spells: 19/19 levels left

rFire    + + .     SeeInvis +   M - +6 longbow (elec)
rCold    + . .     Faith    .   (shield currently unavailable)
rNeg     . . .     Spirit   .   Q - +15 Maxwell's patent armour {-Cast -Tele rElec Will+ rCorr}
rPois    +         Reflect  +   a - +2 hat {SInv}
rElec    +         Harm     .   F - scarf {rC+ rF+}
rCorr    +         Rampage  .   y - +0 pair of gloves {Dex+3}
Will     ++...     NoTele   +   q - +1 pair of boots Stlth ++........NoCast +
                                N - amulet of reflection
HPRegen  0.43/turn              r - ring of Internal Strife {rPois rF+}
MPRegen  0.21/turn              D - ring "Tanom" {Fly Str+6 Stlth+}

@: heroic, flying, very slightly contaminated, studying Air Magic, invisible
A: horns 2, retaliatory headbutt, large bone plates 1, thin skeletal structure
1, camouflage 1, agile 1
}: 2/15 runes: decaying, serpentine
a: Renounce Religion, Heroism, Finesse


You were on level 2 of the Vaults.
You worshipped Okawaru.
Okawaru was exalted by your worship.
You visited 8 branches of the dungeon, and saw 35 of its levels.
You visited the Abyss 1 time.
You also visited: Ossuary.

You collected 4587 gold pieces.
You spent 1404 gold pieces at shops.

Inventory:

Hand Weapons
 I - the +6 demon blade "Pigyst" {flame, Drain rN+ Str+2 SInv}
   (You acquired it on level 11 of the Dungeon)

   It burns those it strikes, dealing additional fire damage.
   Big, fiery blades are also staple armaments of hydra-hunters.
   Str:       It affects your strength (+2).
   rN:        It protects you from negative energy.
   SInv:      It lets you see invisible.
   Drain:     It drains your maximum health when unequipped.
 M - a +6 longbow of electrocution (weapon)
 P - the +8 scimitar of the Fray {speed, rPois rC- rN+++ Dex-3}
   (You found it on level 1 of the Elven Halls)

   Attacks with this weapon are significantly faster.
   Dex:       It affects your dexterity (-3).
   rC:        It makes you vulnerable to cold.
   rPois:     It protects you from poison.
   rN:        It renders you almost immune to negative energy.
Missiles
 L - 1525 arrows (quivered ammo)
Armour
 a - a +2 hat of see invisible (worn)
 c - a +3 plate armour of cold resistance
 f - a +3 plate armour of fire resistance
 q - a +1 pair of boots (worn)
 y - a +0 pair of gloves of dexterity (worn)
 F - a scarf of resistance (worn)
 Q - the +15 Maxwell's patent armour (worn) {-Cast -Tele rElec Will+ rCorr}
   (You found it on level 11 of the Dungeon)

   rElec:     It insulates you from electricity.
   -Cast:     It prevents spellcasting.
   -Tele:     It prevents most forms of teleportation.
   rCorr:     It protects you from acid and corrosion.
   Will:      It increases your willpower.
Jewellery
 b - a +4 ring of protection
 h - a ring of positive energy
 j - the ring "Pileprubb" {rElec rPois Will+ Str-3 SInv}
   (You found it on level 4 of the Swamp)

   [ring of willpower]

   Str:       It affects your strength (-3).
   rElec:     It insulates you from electricity.
   rPois:     It protects you from poison.
   SInv:      It lets you see invisible.
   Will:      It increases your willpower.
 k - a ring of protection from fire
 r - the ring of Internal Strife (left hand) {rPois rF+}
   (You took it off a deep elf archer on level 3 of the Elven Halls)

   [ring of poison resistance]

   rF:        It protects you from fire.
   rPois:     It protects you from poison.
 v - the amulet "Fine" {Regen+ rCorr Slay+3}
   (You bought it in a shop on level 2 of the Orcish Mines)

   [amulet of regeneration]

   Slay:      It affects your accuracy & damage with ranged weapons and melee
   (+3).
   Regen:     It increases your rate of health regeneration.
   rCorr:     It protects you from acid and corrosion.
 D - the ring "Tanom" (right hand) {Fly Str+6 Stlth+}
   (You acquired it on level 9 of the Dungeon)

   [ring of flight]

   Str:       It affects your strength (+6).
   Fly:       It grants you flight.
   Stlth:     It makes you more stealthy.
 E - a ring of resist corrosion
 N - an amulet of reflection (around neck)
 Y - a ring of protection from cold
 Z - the ring "Esumucs" {rN+ Dex+4}
   (You found it on level 5 of the Lair of Beasts)

   [ring of positive energy]

   Dex:       It affects your dexterity (+4).
   rN:        It protects you from negative energy.
Wands
 n - a wand of mindburst (31)
 o - a wand of digging (16)
 s - a wand of iceblast (20)
 K - a wand of acid (6)
Scrolls
 e - 2 scrolls of fog
 l - 4 scrolls of blinking
 t - 8 scrolls of enchant armour
 x - 9 scrolls of magic mapping
 z - a scroll of summoning
 B - 6 scrolls of immolation
 G - 16 scrolls of teleportation
 H - 4 scrolls of identify
 J - 3 scrolls of brand weapon
 U - 2 scrolls of fear
 V - 5 scrolls of silence
 X - a scroll of holy word
Potions
 d - a potion of brilliance
 g - 18 potions of curing
 i - 8 potions of haste
 m - 2 potions of heal wounds
 p - 3 potions of might
 u - 5 potions of berserk rage
 w - 7 potions of resistance
 A - 3 potions of cancellation
 C - 4 potions of invisibility
 O - a potion of magic
 W - 2 potions of ambrosia
Miscellaneous
 R - a lightning rod (4/4)
 S - a condenser vane
 T - a tin of tremorstones (2/2)


   Skills:
 * Level 22.4(27) Fighting
 + Level 2.3(7.3) Long Blades
 + Level 5.5(10.5) Polearms
 * Level 24.5(27) Bows
 * Level 17.2(22.2) Armour
 + Level 4.2(9.2) Dodging
 - Level 0.7(5.7) Stealth
 + Level 8.8(13.8) Shields
 * Level 12.9 Invocations
 + Level 0.2 Evocations


You had 19 spell levels left.
You didn't know any spells.
Your spell library contained the following spells:

 Spells                   Type           Power      Damage    Failure   Level
 Animate Skeleton         Necr           0%         N/A       85%         1
 Apportation              Tloc           0%         N/A       85%         1
 Beastly Appendage        Tmut           0%         N/A       85%         1
 Magic Dart               Conj           0%         1d3       85%         1
 Pain                     Necr           0%         1d4       85%         1
 Sandblast                Erth           0%         2d4       85%         1
 Shock                    Conj/Air       0%         1d3       85%         1
 Summon Small Mammal      Summ           0%         N/A       85%         1
 Call Imp                 Summ           0%         N/A       94%         2
 Corpse Rot               Necr/Air       N/A        N/A       94%         2
 Ensorcelled Hibernation  Hex/Ice        0%         N/A       94%         2
 Passwall                 Tmut/Erth      0%         N/A       94%         2
 Poisonous Vapours        Pois/Air       0%         N/A       94%         2
 Searing Ray              Conj           0%         3d3       94%         2
 Static Discharge         Conj/Air       0%         N/A       94%         2
 Call Canine Familiar     Summ           0%         N/A       99%         3
 Gell's Gravitas          Tloc           0%         N/A       99%         3
 Inner Flame              Hex/Fire       0%         N/A       99%         3
 Mephitic Cloud           Conj/Pois/Air  0%         N/A       99%         3
 Ozocubu's Armour         Ice            0%         N/A       99%         3
 Portal Projectile        Hex/Tloc       0%         N/A       99%         3
 Spider Form              Tmut/Pois      0%         N/A       99%         3
 Stone Arrow              Conj/Erth      0%         3d7       99%         3
 Summon Guardian Golem    Hex/Summ       0%         N/A       99%         3
 Teleport Other           Tloc           0%         N/A       99%         3
 Tukima's Dance           Hex            0%         N/A       99%         3
 Vampiric Draining        Necr           0%         2d6       99%         3
 Cause Fear               Hex            0%         N/A       100%        4
 Dispel Undead            Necr           0%         3d6       100%        4
 Fulminant Prism          Conj/Hex       0%         3d6       100%        4
 Leda's Liquefaction      Hex/Erth       0%         N/A       100%        4
 Passage of Golubria      Tloc           N/A        N/A       100%        4
 Sticky Flame             Conj/Fire      0%         2d3       100%        4
 Summon Lightning Spire   Summ/Air       0%         N/A       100%        4
 Alistair's Intoxication  Tmut/Pois      0%         N/A       100%        5
 Blade Hands              Tmut           0%         N/A       100%        5
 Bolt of Magma            Conj/Fire/Erth 0%         4d4       100%        5
 Excruciating Wounds      Necr           0%         N/A       100%        5
 Fireball                 Conj/Fire      0%         3d3       100%        5
 Freezing Cloud           Conj/Ice/Air   0%         6-21      100%        5
 Iskenderun's Battlesphe  Conj           0%         2d6       100%        5
 Lee's Rapid Deconstruct  Erth           0%         3d5*      100%        5
 Yara's Violent Unravell  Hex/Tmut       0%         3d3       100%        5
 Conjure Ball Lightning   Conj/Air       0%         3x3d6     100%        6
 Death Channel            Necr           0%         N/A       100%        6
 Dispersal                Tloc           0%         N/A       100%        6
 Invisibility             Hex            0%         N/A       100%        6
 Shadow Creatures         Summ           N/A        N/A       100%        6
 Statue Form              Tmut/Erth      0%         N/A       100%        6
 Orb of Destruction       Conj           0%         N/A       100%        7
 Ozocubu's Refrigeration  Ice            0%         4d5       100%        7
 Storm Form               Tmut/Air       0%         N/A       100%        7
 Discord                  Hex            0%         N/A       100%        8
 Maxwell's Capacitive Co  Air            0%         ∞         100%        8
 Chain Lightning          Conj/Air       0%         N/A       100%        9
 Fire Storm               Conj/Fire      0%         5d1       100%        9
 Shatter                  Erth           0%         3d5*      100%        9


Dungeon Overview and Level Annotations

Branches:
Dungeon (13/15)            Temple (1/1) D:4            Lair (6/6) D:10
  Swamp (4/4) Lair:3        Snake (4/4) Lair:4        Slime (0/5) Lair:6
    Orc (2/2) D:10            Elf (3/3) Orc:2        Vaults (2/5) D:13
Ossuary (visited)
  Crypt: Vaults:2-3

Altars:
Ashenzari
Cheibriados
Dithmenos
Elyvilon
Fedhas
Gozag
Hepliaklqana
Kikubaaqudgha
Makhleb
Nemelex Xobeh
Okawaru
Qazlal
Ru
Sif Muna
Trog
Uskayaw
Vehumet
Wu Jian
Xom
Yredelemnul
Zin
The Shining One
Jiyva

Shops:
D:4 :   D:8 *   D:9 *   D:11 :   Orc:2 **(*   Elf:2 [   Snake:2 (   Vaults:1 =

Annotations:
D:2 1 runed translucent door, Crazy Yiuf
D:8 2 transporters, suduhmizer's ghost, novice MiBe
Lair:6 1 runed translucent door
Vaults:2 Donald


Innate Abilities, Weirdness & Mutations

You have a pair of horns on your head.
You reflexively headbutt those who attack you in melee.
You are partially covered in large bone plates. (SH +4)
You have a somewhat thin skeletal structure. (Dex +2, Stealth+)
Your skin changes colour to match your surroundings (Stealth+).
You are agile. (Dex +2)


Message History

The arrow misses you.
Donald hits you with a +1 long sword of electrocution!
Fire: 1527 arrows
Press: ? - help, Q - select action, (/) - cycle Shift-Dir - straight line, f/p - Donald
Aim: Donald, wielding a +1 long sword of electrocution, wearing a +0 chain mail and wearing a +0 kite shield of reflection (lightly wounded, fast, strong, sheltered from injuries, 85% to hit)
You shoot an arrow. The arrow hits Donald!!
Donald is moderately wounded.
Donald hits you with a +1 long sword of electrocution!!
* * * LOW HITPOINT WARNING * * *
Fire: 1526 arrows
Press: ? - help, Q - select action, (/) - cycle Shift-Dir - straight line, f/p - Donald
Aim: Donald, wielding a +1 long sword of electrocution, wearing a +0 chain mail and wearing a +0 kite shield of reflection (moderately wounded, fast, strong, sheltered from injuries, 85% to hit)
You shoot an arrow. The arrow hits Donald!!
Donald is moderately wounded.
The ironbound beastmaster goads on nearby beasts.
Donald hits you with a +1 long sword of electrocution!!
* * * LOW HITPOINT WARNING * * *
Okay, then.
As you read the scroll of fear, it crumbles to dust.
You assume a fearsome visage.
The vampire is unaffected.
The ironbound beastmaster looks frightened!
Donald easily resists.
The ironbound preserver looks frightened!
The deep troll looks frightened! x3
The ironbound thunderhulk looks frightened!
The yaktaur looks frightened!
You block Donald's attack.
The vampire gestures wildly while chanting.
The vampire flickers and vanishes for a moment.
You feel much better. You block Donald's attack.
Cornered, the ironbound preserver turns to fight!
Cornered, the ironbound thunderhulk turns to fight!
Donald hits you with a +1 long sword of electrocution!!
* * * LOW HITPOINT WARNING * * *
Cornered, the deep troll turns to fight! x2
You fade into invisibility!
Donald misses you. You furiously retaliate!
You headbutt Donald!
You are very lightly contaminated with residual magic.
A large slime creature splits.
Donald closely misses you.
Donald hits you with a +1 long sword of electrocution!!
You die...

....... #........
#........ #........
#........
##################........
+.[[).(..@@.O(pTT#........
#.#####....#####YTJ.......
#.# ##..## #.#...).... #.#
#### #.#J).).... #.#
#.#........ #.##
#.#VJ...... #..##
..#........ #...#
..#c.c..... #...#
..#J.......


You could see a dire elephant (sheltered), an ironbound preserver, an ironbound
thunderhulk (sheltered), Donald (fast, strong, sheltered) and 2 deep trolls.

Vanquished Creatures
  Saint Roka (Snake:4)
  Vashnia (Snake:4)
  2 deep elf blademasters
  A tentacled monstrosity (Swamp:1)
  3 deep elf master archers
  Asterion (Snake:1)
  Gastronok (D:10)
  2 tentacled starspawn (Abyss:2)
  Frances (Snake:1)
  2 thorn hunters (Swamp:4)
  Agnes (Snake:4)
  2 nagarajas (Snake:4)
  Roxanne (Elf:1)
  3 vault wardens (Vaults:1)
  A fenstrider witch (Swamp:2)
  Aizul (Vaults:1)
  The ghost of garrulousMonolith the Bludgeoner, an adept GrFi of Okawaru (Snake:3)
  2 orc warlords
  9 deep elf sorcerers
  6 deep elf elementalists (Elf:3)
  4 ironbound preservers
  8 starcursed masses (Abyss:2)
  5 deep elf annihilators (Elf:3)
  Nessos (Orc:2)
  8 deep elf demonologists
  4 bunyips
  3 dire elephants (Vaults:1)
  2 spark wasps (Swamp:3)
  10 deep elf death magi (Elf:3)
  3 eleionomae
  10 deep elf high priests (Elf:3)
  15 hydras
  4 salamander tyrants (Snake:4)
  A shambling mangrove (Swamp:2)
  Harold (D:10)
  4 yaktaur captains
  3 vault guards
  3 ironbound thunderhulks
  10 naga warriors
  2 boulder beetles
  9 anacondas
  4 ironbound frosthearts (Vaults:1)
  A catoblepas (Lair:6)
  4 two-headed ogres
  2 ghost crabs
  7 centaur warriors
  27 dancing weapons
  10 death yaks
  A deep troll shaman (Lair:6)
  13 alligators
  2 thrashing horrors (Abyss:2)
  A spriggan berserker (Swamp:4)
  A vampire mage (Swamp:1)
  5 shock serpents
  4 ironbound beastmasters (Vaults:1)
  19 naga sharpshooters
  Urug (Lair:2)
  20 deep elf knights
  Sonja (D:10)
  A sixfirhy (Abyss:2)
  2 wretched stars (Abyss:2)
  A skeletal warrior (D:8)
  5 salamander mystics
  8 goliath frogs
  8 swamp dragons
  3 spriggan druids
  3 lindwurms
  4 naga ritualists
  8 deep trolls
  8 bog bodies
  5 orc knights
  17 deep elf zephyrmancers
  3 wizards
  17 deep elf archers
  5 harpies (Vaults:1)
  6 ironbound convokers
  8 mana vipers
  31 deep elf pyromancers
  9 ugly things
  5 orc sorcerers
  7 will-o-the-wisps
  5 elephants (Lair:6)
  3 manticores (D:11)
  29 salamanders
  4 oklob plants (Lair:5)
  2 worldbinders (Abyss:2)
  3 cyclopes
  Maurice (Orc:1)
  A water nymph (shapeshifter) (Vaults:1)
  6 guardian serpents
  31 black mambas
  10 naga magi
  8 vault sentinels
  5 orange demons (D:11)
  A gargoyle (D:12)
  A smoke demon (Abyss:2)
  A torpor snail (Lair:2)
  An unseen horror (D:10)
  5 rime drakes
  11 cane toads
  15 komodo dragons
  3 kobold demonologists
  An efreet (D:11)
  13 yaktaurs
  2 ancient zymes (Abyss:2)
  3 red devils (D:11)
  9 trolls
  9 tyrant leeches
  3 meliai (D:13)
  2 bloated husks
  2 polar bears
  The ghost of Thraspic the Covert, a novice FeFi of Gozag (D:7)
  9 hornets
  8 dream sheep
  33 slime creatures
  3 raiju (Abyss:2)
  24 blink frogs
  A shadow (D:13)
  9 spriggans
  A tarantella (shapeshifter) (D:13)
  12 air elementals
  A vampire (Vaults:2)
  A ynoxinul (Abyss:2)
  A water elemental (Elf:3)
  4 wraiths
  8 fire elementals
  10 humans (D:13)
  4 wyverns
  51 yaks
  2 basilisks
  A steam dragon (D:8)
  13 vampire mosquitoes
  Grum (D:8)
  42 nagas
  3 acid dragons
  4 small abominations (Abyss:2)
  5 wargs
  14 swamp worms
  14 water moccasins
  14 swamp drakes
  A large abomination (Abyss:2)
  41 orc warriors
  2 sky beasts
  An ice beast (D:7)
  4 black bears
  A necrophage (D:7)
  7 ogres
  18 centaurs
  14 wolves
  A phantom (D:6)
  3 kobold brigands
  4 scorpions
  12 bullfrogs
  A gnoll sergeant (D:8)
  4 earth elementals
  A wyvern skeleton (D:7)
  3 killer bees (D:11)
  11 wights
  3 electric eels
  2 howler monkeys
  2 bullfrog zombies
  A centaur skeleton (D:7)
  8 centaur zombies
  4 hounds
  17 orc priests
  Terence (D:2)
  4 iguanas (D:5)
  15 orc wizards
  Ijyb (D:3)
  A troll simulacrum (D:11)
  5 hell rats (Lair:6)
  A killer bee zombie (D:7)
  2 hound skeletons
  A howler monkey zombie (D:8)
  8 mummies (Ossuary)
  2 gnolls
  10 adders
  3 white imps
  3 ufetubi
  An adder zombie (D:5)
  2 worms (D:3)
  A dart slug (D:3)
  74 orcs
  4 ball pythons
  5 endoplasms
  A giant cockroach (D:2)
  3 gnoll zombies (Ossuary)
  4 goblins
  9 hobgoblins
  12 jackals
  3 quokkas
  3 training dummies (Elf:1)
  3 bats
  5 frilled lizards
  A hobgoblin zombie (Ossuary)
  15 kobolds
  A kobold zombie (Ossuary)
  4 orc zombies
  6 rats
  3 starspawn tentacles (Abyss:2)
1306 creatures vanquished.

Vanquished Creatures (others)
  2 deep elf knights (Elf:3)
  A hornet (D:8)
  A meliai zombie (D:11)
  A sky beast (D:8)
  A bush (Lair:6)
  16 foxfires
  11 fungi
  47 plants
  4 starspawn tentacles (Abyss:2)
84 creatures vanquished.

Grand Total: 1390 creatures vanquished

Notes
Turn   | Place    | Note
-------+----------+-------------------------------------------
     0 | D:1      | robertstho the Minotaur Hunter began the quest for the Orb.
     0 | D:1      | Reached XP level 1. HP: 18/18 MP: 0/0
   140 | D:1      | Reached XP level 2. HP: 25/25 MP: 1/1
   432 | D:1      | Reached skill level 5 in Bows
   616 | D:1      | Found a faded altar of an unknown god.
   799 | D:2      | Noticed Terence
   808 | D:2      | Killed Terence
   809 | D:2      | Reached skill level 1 in Armour
   809 | D:2      | Reached XP level 3. HP: 18/30 MP: 2/2
  1071 | D:2      | Reached XP level 4. HP: 30/37 MP: 3/3
  1311 | D:2      | Found a runed translucent door.
  1312 | D:2      | Noticed Crazy Yiuf
  1753 | D:3      | Reached skill level 6 in Bows
  2140 | D:3      | HP: 1/38 [orc priest/divine providence (10)]
  2141 | D:3      | Gained mutation: You are partially covered in large bone
                  | plates. (SH +4) [potion of mutation]
  2141 | D:3      | Gained mutation: You are agile. (Dex +2) [potion of
                  | mutation]
  2141 | D:3      | Gained mutation: You have a somewhat thin skeletal
                  | structure. (Dex +2, Stealth+) [potion of mutation]
  2141 | D:3      | Gained mutation: Your skin changes colour to match your
                  | surroundings (Stealth+). [potion of mutation]
  2393 | D:3      | Found a bloodstained altar of Trog.
  2399 | D:3      | Reached XP level 5. HP: 45/45 MP: 4/4
  2499 | D:3      | Found a shimmering blue altar of Sif Muna.
  2507 | D:3      | Got Sif Muna's Grimoire of Transformation
  2541 | D:3      | Noticed Ijyb
  2550 | D:3      | Killed Ijyb
  2830 | D:4      | Reached skill level 7 in Bows
  2851 | D:4      | Reached XP level 6. HP: 34/52 MP: 5/5
  3002 | D:4      | Found Woics's Self-Improvement Boutique.
  3124 | D:4      | Reached skill level 8 in Bows
  3124 | D:4      | Reached XP level 7. HP: 60/60 MP: 6/6
  3214 | D:4      | Found a staircase to the Ecumenical Temple.
  3220 | Temple   | Entered the Ecumenical Temple
  3294 | Temple   | Became a worshipper of Warmaster Okawaru
  3402 | D:4      | Found a sand-covered staircase.
  3411 | Ossuary  | Entered an ossuary
  3753 | D:5      | Entered Level 5 of the Dungeon
  3775 | D:5      | Found a hide-covered altar of Uskayaw.
  3928 | D:5      | Reached skill level 9 in Bows
  3940 | D:5      | Reached skill level 5 in Fighting
  3940 | D:5      | Reached skill level 1 in Long Blades
  3940 | D:5      | Reached skill level 1 in Invocations
  4102 | D:5      | Reached XP level 8. HP: 56/68 MP: 7/7
  4546 | D:5      | Reached * piety under Okawaru
  5112 | D:6      | Identified the +6 trident "Econaf" {vorpal, Will+ Str+4}
  5160 | D:6      | Reached skill level 1 in Shields
  5573 | D:7      | Reached skill level 1 in Polearms
  5575 | D:7      | Reached skill level 10 in Bows
  5700 | D:7      | Reached ** piety under Okawaru
  5769 | D:7      | Reached XP level 9. HP: 55/75 MP: 9/9
  5772 | D:7      | Reached skill level 5 in Armour
  6009 | D:7      | Found a large runed translucent door.
  6009 | D:7      | Found a large runed translucent door.
  6012 | D:7      | Noticed Thraspic's ghost (novice FeFi)
  6357 | D:7      | Killed Thraspic's ghost
  6420 | D:8      | Found a transporter.
  6420 | D:8      | Noticed Grum
  6532 | D:8      | Noticed a centaur warrior
  6551 | D:8      | Killed Grum
  6722 | D:8      | Found Syploeg's Changing Room.
  6754 | D:8      | Bought a potion of lignification for 39 gold pieces
  6778 | D:8      | Found an ornate altar of the Wu Jian Council.
  6799 | D:8      | Noticed an efreet
  6831 | D:8      | Reached *** piety under Okawaru
  6937 | D:8      | Reached skill level 11 in Bows
  6980 | D:8      | Noticed suduhmizer's ghost (novice MiBe)
  7014 | D:8      | Noticed a centaur warrior
  7027 | D:8      | Killed a centaur warrior
  7028 | D:8      | Reached XP level 10. HP: 49/86 MP: 10/12
  7210 | D:8      | Paralysed by a hornet for 1 turns
  7216 | D:8      | Reached skill level 5 in Polearms
  7218 | D:8      | Received a gift from Okawaru
  7436 | D:8      | Noticed a skeletal warrior
  7442 | D:8      | Noticed a boulder beetle
  7452 | D:8      | Found a transporter.
  7455 | D:8      | Noticed a centaur warrior
  7470 | D:8      | Killed a centaur warrior
  7470 | D:8      | Reached **** piety under Okawaru
  7753 | D:8      | Killed a skeletal warrior
  8031 | D:8      | Killed a boulder beetle
  8031 | D:8      | Received a gift from Okawaru
  8498 | D:9      | Reached skill level 12 in Bows
  8703 | D:9      | Reached ***** piety under Okawaru
  8749 | D:9      | Found Gozag's Platinum Reserve.
  8750 | D:9      | Found an opulent altar of Gozag.
  8935 | D:9      | Reached skill level 5 in Invocations
  8942 | D:9      | Identified a scroll of acquirement
  8944 | D:9      | Acquired the ring "Tanom" {Fly Str+6 Stlth+}
  9017 | D:9      | Paralysed by a hornet for 1 turns
  9021 | D:9      | Paralysed by a hornet for 3 turns
  9025 | D:9      | Received a gift from Okawaru
  9026 | D:9      | Reached XP level 11. HP: 39/95 MP: 13/13
  9939 | D:10     | Entered Level 10 of the Dungeon
  9964 | D:10     | Noticed Sonja
 10162 | D:10     | Received a gift from Okawaru
 10213 | D:10     | Found a staircase to the Lair.
 10343 | D:10     | Found a shadowy altar of Dithmenos.
 10345 | D:10     | Identified the +3 leather armour of the Kangaroo {Dex+4}
 10353 | D:10     | Killed Sonja
 10354 | D:10     | Reached skill level 13 in Bows
 10585 | D:10     | Found a staircase to the Orcish Mines.
 10732 | D:10     | Noticed Gastronok
 10749 | D:10     | Killed Gastronok
 10749 | D:10     | Received a gift from Okawaru
 10768 | D:10     | Noticed a two-headed ogre
 10773 | D:10     | Killed a two-headed ogre
 11822 | D:10     | Noticed Harold
 11839 | D:10     | Killed Harold
 12157 | D:10     | Found a burning altar of Makhleb.
 12159 | D:10     | Noticed an Executioner
 12184 | D:11     | Received a gift from Okawaru
 12185 | D:11     | Reached skill level 14 in Bows
 12190 | D:11     | Reached skill level 10 in Fighting
 12199 | D:11     | Reached ****** piety under Okawaru
 12330 | D:11     | Found Kolas's Book Shop.
 12412 | D:11     | Received a gift from Okawaru
 12489 | D:11     | Acquired the +6 demon blade "Pigyst" {flame, Drain rN+
                  | Str+2 SInv}
 12510 | D:11     | Reached XP level 12. HP: 65/108 MP: 15/15
 12893 | D:11     | Noticed a centaur warrior
 12897 | D:11     | Killed a centaur warrior
 13179 | D:11     | Reached skill level 10 in Armour
 13215 | D:11     | Noticed a two-headed ogre
 13220 | D:11     | Killed a two-headed ogre
 13262 | D:11     | Reached skill level 15 in Bows
 13407 | D:11     | Identified the +4 quarterstaff of Fate {drain, rF++ rC-}
 13907 | D:11     | Received a gift from Okawaru
 13922 | D:11     | Found the +15 Maxwell's patent armour {-Cast -Tele rElec
                  | Will+ rCorr}
 14473 | Lair:1   | Entered Level 1 of the Lair of Beasts
 14690 | Lair:1   | Received a gift from Okawaru
 14768 | Lair:1   | Reached skill level 16 in Bows
 14857 | Lair:1   | Reached XP level 13. HP: 117/117 MP: 17/17
 15942 | Lair:2   | Noticed Urug
 15948 | Lair:2   | Killed Urug
 16172 | Lair:3   | Received a gift from Okawaru
 16327 | Lair:3   | Found a staircase to the Swamp.
 16507 | Lair:3   | Identified the +2 falchion "Racluom" {drain, Str+3}
 16574 | Lair:3   | Reached skill level 17 in Bows
 16677 | Lair:3   | Received a gift from Okawaru
 16692 | Lair:3   | Received a gift from Okawaru
 16899 | Lair:3   | Received a gift from Okawaru
 17331 | Lair:4   | Found a staircase to the Snake Pit.
 17405 | Lair:4   | Received a gift from Okawaru
 17506 | Lair:4   | Received a gift from Okawaru
 17697 | Lair:4   | Received a gift from Okawaru
 17705 | Lair:4   | Reached XP level 14. HP: 129/129 MP: 18/18
 18083 | Lair:5   | Received a gift from Okawaru
 18108 | Lair:5   | Reached skill level 18 in Bows
 18574 | Lair:5   | Received a gift from Okawaru
 18964 | Lair:5   | Identified the ring "Esumucs" {rN+ Dex+4}
 19005 | Lair:6   | Entered Level 6 of the Lair of Beasts
 19020 | Lair:6   | Received a gift from Okawaru
 19124 | Lair:6   | Received a gift from Okawaru
 19170 | Lair:6   | Received a gift from Okawaru
 19338 | Lair:6   | Received a gift from Okawaru
 19593 | Lair:6   | Found a runed translucent door.
 19593 | Lair:6   | Found a viscous altar of Jiyva.
 19597 | Lair:6   | Found a staircase to the Slime Pits.
 19973 | Lair:6   | Reached skill level 19 in Bows
 20333 | Orc:1    | Entered Level 1 of the Orcish Mines
 20376 | Orc:1    | Noticed Maurice
 20387 | Orc:1    | Killed Maurice
 20567 | Orc:1    | You are sucked into a shaft and drop 1 floor!
 20567 | Orc:2    | Entered Level 2 of the Orcish Mines
 20643 | Orc:2    | Found a staircase to the Elven Halls.
 20672 | Orc:2    | Noticed Nessos
 20693 | Orc:2    | Killed Nessos
 21108 | Orc:2    | Reached XP level 15. HP: 132/139 MP: 20/20
 21203 | Orc:2    | Found Famis's Assorted Antiques.
 21203 | Orc:2    | Found Bummil's Weapon Shop.
 21205 | Orc:2    | Found Qaerhojuss's Assorted Antiques.
 21207 | Orc:2    | Found Cilu's Assorted Antiques.
 21211 | Orc:2    | Bought a potion of haste for 280 gold pieces
 21211 | Orc:2    | Bought a potion of curing for 84 gold pieces
 21211 | Orc:2    | Bought a scroll of identify for 56 gold pieces
 21211 | Orc:2    | Bought a scroll labelled QELLAKHL LECYNO for 28 gold pieces
 21211 | Orc:2    | Bought a scroll labelled VAWUATE FEDGH for 28 gold pieces
 21211 | Orc:2    | Bought 2 dark potions for 50 gold pieces
 21213 | Orc:2    | Bought 22 arrows for 70 gold pieces
 21215 | Orc:2    | Bought a potion of curing for 84 gold pieces
 21215 | Orc:2    | Bought a scroll of identify for 56 gold pieces
 21215 | Orc:2    | Bought a scroll of identify for 56 gold pieces
 21215 | Orc:2    | Bought an embroidered scarf for 224 gold pieces
 21215 | Orc:2    | Bought a blue potion for 25 gold pieces
 21225 | Orc:2    | Bought a scroll of identify for 54 gold pieces
 21225 | Orc:2    | Bought a potion of heal wounds for 135 gold pieces
 21225 | Orc:2    | Bought a vibrating lead amulet for 135 gold pieces
 21225 | Orc:2    | Identified the amulet "Fine" {Regen+ rCorr Slay+3} (You
                  | bought it in a shop on level 2 of the Orcish Mines)
 21437 | Orc:2    | Noticed an orc warlord
 21445 | Orc:2    | Killed an orc warlord
 21558 | Orc:1    | Identified the +1 robe of Xotsiw {rPois rCorr Str+7 Dex-4}
                  | (Okawaru gifted it to you on level 1 of the Orcish Mines)
 21558 | Orc:1    | Received a gift from Okawaru
 21926 | Elf:1    | Entered Level 1 of the Elven Halls
 21939 | Elf:1    | Paralysed by an air elemental for 1 turns
 21953 | Elf:1    | Paralysed by an air elemental for 1 turns
 22005 | Elf:1    | Noticed Roxanne
 22042 | Elf:1    | Killed Roxanne
 22187 | Elf:1    | Identified the +6 war axe of Conscience {vorpal, rElec
                  | rCorr Str-4 Int+3}
 22393 | Elf:1    | Noticed a deep elf master archer
 22402 | Elf:1    | Killed a deep elf master archer
 22797 | Elf:1    | Reached skill level 20 in Bows
 22939 | Elf:1    | Reached skill level 15 in Fighting
 22997 | Elf:1    | Noticed a deep elf sorcerer
 23004 | Elf:1    | Killed a deep elf sorcerer
 23011 | Elf:1    | Got the Reference Book on Arcane Weapons
 23263 | Elf:1    | Identified the +8 scimitar of the Fray {speed, rPois rC-
                  | rN+++ Dex-3}
 23717 | Elf:2    | Found Dutapef's Armour Shoppe.
 23771 | Elf:2    | Paralysed by an air elemental for 1 turns
 23867 | Elf:2    | Paralysed by an air elemental for 1 turns
 23870 | Elf:2    | Paralysed by an air elemental for 1 turns
 23880 | Elf:2    | Paralysed by an air elemental for 1 turns
 23910 | Elf:2    | Paralysed by an air elemental for 1 turns
 24178 | Elf:2    | Received a gift from Okawaru
 24223 | Elf:2    | Received a gift from Okawaru
 24277 | Elf:2    | Found a runed translucent gate.
 24278 | Elf:2    | Found a runed translucent gate.
 24278 | Elf:2    | Found a runed translucent gate.
 24392 | Elf:2    | Received a gift from Okawaru
 25164 | Elf:2    | Reached XP level 16. HP: 151/151 MP: 22/22
 25493 | Elf:2    | Noticed a deep elf blademaster
 25507 | Elf:2    | Killed a deep elf blademaster
 25741 | Elf:2    | Received a gift from Okawaru
 25877 | Elf:3    | Entered Level 3 of the Elven Halls
 25990 | Elf:3    | Reached skill level 5 in Shields
 26428 | Elf:3    | Reached skill level 21 in Bows
 26435 | Elf:3    | Noticed a Hell Sentinel
 26438 | Elf:3    | Reached skill level 10 in Invocations
 26459 | Elf:3    | Identified the +1 shortbow of the Fray {freeze, *Slow Will+
                  | rCorr Str+3} (Okawaru gifted it to you on level 3 of the
                  | Elven Halls)
 26459 | Elf:3    | Received a gift from Okawaru
 27353 | Elf:3    | Noticed a deep elf blademaster
 27368 | Elf:3    | Killed a deep elf blademaster
 27379 | Elf:3    | Received a gift from Okawaru
 27509 | Elf:3    | Reached XP level 17. HP: 136/161 MP: 23/23
 27561 | Elf:3    | Noticed a deep elf master archer
 27563 | Elf:3    | Killed a deep elf master archer
 27637 | Elf:3    | Noticed a deep elf master archer
 27643 | Elf:3    | Killed a deep elf master archer
 27648 | Elf:3    | Identified the +3 plate armour of Doxkaf {rN++ Stlth+}
                  | (Okawaru gifted it to you on level 3 of the Elven Halls)
 27648 | Elf:3    | Received a gift from Okawaru
 27839 | Elf:3    | Identified the ring of Internal Strife {rPois rF+}
 27878 | Elf:3    | Cast into level 2 of the Abyss (a deep elf sorcerer)
 28193 | Abyss:2  | Paralysed by accursed screaming for 1 turns
 28203 | Abyss:2  | Paralysed by accursed screaming for 1 turns
 28214 | Abyss:2  | Paralysed by accursed screaming for 1 turns
 28404 | Elf:3    | Escaped the Abyss
 28497 | Elf:3    | Reached skill level 22 in Bows
 28582 | Elf:3    | Received a gift from Okawaru
 28594 | Elf:3    | Identified the +3 great mace "Pathripo" {speed, rElec rPois
                  | Will+ Str-3}
 28658 | Elf:3    | Acquired 549 gold pieces
 29018 | Elf:3    | Found an ancient bone altar of Kikubaaqudgha.
 29359 | Snake:1  | Entered Level 1 of the Snake Pit
 29807 | Snake:1  | Reached XP level 18. HP: 173/173 MP: 25/25
 30171 | Snake:1  | Noticed Frances
 30178 | Snake:1  | Killed Frances
 30431 | Snake:1  | Noticed Asterion
 30441 | Snake:1  | Killed Asterion
 30717 | Snake:2  | Found Iggomaul's Antique Weapon Boutique.
 30943 | Snake:2  | Reached skill level 15 in Armour
 31349 | Snake:3  | Received a gift from Okawaru
 31746 | Snake:3  | Found a runed translucent door.
 31746 | Snake:3  | Found a shimmering altar of Xom.
 31746 | Snake:3  | Noticed garrulousMonolith's ghost (adept GrFi)
 31958 | Snake:3  | Received a gift from Okawaru
 32211 | Snake:3  | Killed garrulousMonolith's ghost
 32295 | Snake:4  | Entered Level 4 of the Snake Pit
 32540 | Snake:4  | Noticed Agnes
 32546 | Snake:4  | Killed Agnes
 32735 | Snake:4  | Noticed Saint Roka
 32755 | Snake:4  | Killed Saint Roka
 33237 | Snake:4  | Noticed Vashnia
 33255 | Snake:4  | Killed Vashnia
 33309 | Snake:4  | Received a gift from Okawaru
 33310 | Snake:4  | Reached skill level 23 in Bows
 33361 | Snake:4  | Reached XP level 19. HP: 59/185 MP: 19/26
 33793 | Snake:4  | Identified the +1 short sword of the Devouring Fool {flame,
                  | +Blink rPois Int-3 Dex+6}
 33817 | Snake:4  | Found an iron altar of Okawaru.
 33957 | Snake:4  | Identified the +1 ring mail "Foosail" {Str+4}
 34571 | Snake:4  | Received a gift from Okawaru
 34758 | Snake:4  | Got a serpentine rune of Zot
 35034 | Swamp:1  | Entered Level 1 of the Swamp
 35157 | Swamp:1  | Identified the +4 ring mail "Vemot" {rElec rC+ rN++ Int-4}
                  | (Okawaru gifted it to you on level 1 of the Swamp)
 35157 | Swamp:1  | Received a gift from Okawaru
 36408 | Swamp:2  | Identified the +4 spear of Destiny {flame, Will+ Int-2
                  | Dex+4}
 37764 | Swamp:4  | Entered Level 4 of the Swamp
 37799 | Swamp:4  | Identified the +6 halberd "Grim Tooth" {spect, rC+}
                  | (Okawaru gifted it to you on level 4 of the Swamp)
 37799 | Swamp:4  | Received a gift from Okawaru
 38259 | Swamp:4  | Identified the ring "Pileprubb" {rElec rPois Will+ Str-3
                  | SInv}
 38422 | Swamp:4  | Got a decaying rune of Zot
 38479 | Swamp:4  | Reached XP level 20. HP: 198/198 MP: 28/28
 39652 | D:13     | Received a gift from Okawaru
 40121 | D:13     | Reached skill level 24 in Bows
 40174 | D:13     | Found a gate to the Vaults.
 40777 | Vaults:1 | Entered Level 1 of the Vaults
 40777 | Vaults:1 | Noticed Aizul
 40786 | Vaults:1 | Killed Aizul
 41409 | Vaults:1 | Received a gift from Okawaru
 41656 | Vaults:1 | Found Dater's Jewellery Boutique.
 43325 | Vaults:2 | Received a gift from Okawaru
 43432 | Vaults:2 | Identified the amulet of Nushrir {Harm *Corrode Will+
                  | Regen+ SInv}
 43440 | Vaults:2 | Noticed Donald
 43474 | Vaults:2 | Slain by Donald

Illustrated notes

Levels and vault maps discovered:
D:1:      lightli_molten_gateway, layout_rooms,
          dreamdust_ecumenical_altar_hidden_monk_grotto, st_stairs_5
D:2:      layout_loops_cross, uniq_terence, uniq_crazy_yiuf_cottage
D:3:      layout_basic, nzn_overflow_gifts_of_might_and_magic,
          kennysheep_generic_room_15, uniq_ijyb
D:4:      layout_rooms, minmay_temple_entry_fiery,
          nicolae_ossuary_entry_monument, nicolae_shop_self_help
D:5:      lemuel_ice_spiral_2, layout_basic,
          mainiacjoe_overflow_concentric_impassable
D:6:      layout_basic, st_stairs_3
D:7:      layout_rooms, ebering_ghost_disaster_area, serial_bayou_lagoon_a
D:8:      layout_rooms, pdpol_wu_jian_five_deadly_venoms, nzn_ghost_randoct,
          nicolae_transmutations_shop, st_stairs_9, corexii_corridor_pit,
          minmay_diamond_spiral, uniq_grum
D:9:      layout_loops_cross, nicolae_gozag_zags_fifth_avenue, centaur_isle
D:10:     layout_stronghold, makhleb_altar_promises_db, old_standard_altar,
          erik_lair_orcish_takeover, orc_0_dummy, uniq_gastronok, uniq_sonja,
          uniq_harold
D:11:     minmay_the_grid_square_5x5_3x3 [minmay_the_grid_square_5x5_inner_z,
          minmay_the_grid_square_5x5_beaten_path,
          minmay_the_grid_square_5x5_sharp_hourglass,
          minmay_the_grid_square_5x5_inner_v,
          minmay_the_grid_square_5x5_megaprize_crossed,
          minmay_the_grid_square_5x5_comb,
          minmay_the_grid_square_5x5_eight_small,
          minmay_the_grid_square_5x5_empty, minmay_the_grid_square_5x5_inset],
          layout_basic, portal_ice_cave_entry_ice_simulacra, serial_shops, shop,
          minmay_beelzebubs_servants
D:12:     layout_basic, nrook_guardian_serpent_double
D:13:     layout_rooms, ximxim_vaults_locker_room, lemuel_old_faithful
Temple:   regret_index_temple_waves
Lair:1:   layout_cave_pods, serial_bayou, serial_bayou_pond_a,
          serial_bayou_pond_b, serial_bayou_shore_a, serial_bayou_ford_a
Lair:2:   layout_cave_shapes, small_statue_intersection,
          infiniplex_staircase_pool_2, uniq_urug
Lair:3:   layout_gridlike, skrybe_swamp_entry_bodies, minmay_shattered_shrine
Lair:4:   layout_big_grid, dummy_snake_entry
Lair:5:   layout_loops_ring, minmay_lair_oklob_chamber, serial_bayou_shore_b
Lair:6:   grunt_lair_end_beastmaster, layout_misc_corridors, slime_altar_2,
          lemuel_fruit_tree
Swamp:1:  layout_basic_swamp, nicolae_swamp_tree_designs, swamp_pool1,
          cheibrodos_swamp_pet_leeches, infiniplex_staircase_pool
Swamp:2:  layout_basic_swamp, evilmike_swamp_ruin_house_3
Swamp:3:  layout_basic_swamp, serial_swamp_ruin, evilmike_swamp_ruin_house_6,
          hangedman_swamp_ruin_wall, swamp_pool4, nicolae_swamp_catching_bugs
Swamp:4:  swamp_basic_johnstein, layout_basic_swamp
Snake:1:  layout_honeycomb, uniq_asterion, uniq_frances
Snake:2:  layout_onion_interference, serial_shops, nicolae_shop_waterfront,
          st_stairs_4
Snake:3:  layout_misc_corridors, ebering_ghost_xom, st_stairs_6
Snake:4:  grunt_snake_rune_pools, layout_gridlike, basic_altar, uniq_vashnia,
          uniq_saint_roka, uniq_agnes
Orc:1:    layout_caves, nicolae_volcano_entry_s_turn, uniq_maurice
Orc:2:    st_orc_rangers, layout_caves, nicolae_orc_sculptors_studio,
          minmay_orc_barracks, uniq_nessos
Elf:1:    nicolae_elf_arrival_aired_out, layout_loops_corners,
          minmay_elf_annihilation, minmay_misc_feat_diagonals,
          nicolae_elf_archery_training, uniq_roxanne
Elf:2:    nicolae_elf_blades_crystal_corner, layout_rooms, serial_shops,
          nicolae_stop_n_shop_1, st_stairs_14, minivault_19,
          nicolae_elf_loose_elemental_storage
Elf:3:    nooodl_elf_gasket, layout_loops_ring, lemuel_statue_altar
Vaults:1: v_alt_pattern_5, ontoclasm_vaults_decontamination,
          hangedman_vaults_impose, grunt_vaults_diagonal, v_misc_1,
          hangedman_vaults_corner, vaults_room_hallway,
          nicolae_vaults_inception_statues, ontoclasm_vaults_ring_large,
          nicolae_vaults_puzzle_piece, vaults_room_boxed,
          vaults_room_grunt_arrival_ludios, nicolae_vaults_little_squares_5,
          ontoclasm_vaults_pinch, layout_vaults_omnibox, serial_shops, shop,
          uniq_aizul
Vaults:2: v_misc_19, minmay_crypt_entry_vampire_xt, gammafunk_sealed_arena,
          nicolae_vaults_windows_and_doors_thing,
          nicolae_vaults_stairing_the_circle, v_misc_3,
          grunt_vaults_hallway_long, vaults_mumra_hex, v_misc_27,
          nicolae_vaults_little_squares_4, vaults_room_fours,
          layout_vaults_omnicross, uniq_donald, uniq_mara, uniq_mennas

Skill      XL: |  1  2  3  4  5  6  7  8  9 10 11 12 13 14 15 16 17 18 19 20 |
---------------+-------------------------------------------------------------+-----
Bows           | 5 6 7 8 9 10 11 12 14 16 17 19 20 21 22 23 24 | 24.5
Armour         | 1 2 3 4 7 8 9 10 11 12 13 14 15 16 17 | 17.2
Fighting       | 3 4 5 6 7 8 10 11 13 14 15 17 18 20 21 22 | 22.4
Long Blades    | 1 2 |  2.3
Invocations    | 1 2 4 5 6 7 8 9 10 11 12 | 12.9
Shields        | 1 2 3 4 5 6 7 8 |  8.8
Dodging        | 3 4 |  4.2
Polearms       | 2 4 5 |  5.5
Stealth        | |  0.7
Evocations     | |  0.2

Action                   |  1- 3 |  4- 6 |  7- 9 | 10-12 | 13-15 | 16-18 | 19-21 || total
-------------------------+-------+-------+-------+-------+-------+-------+-------++-------
Melee: Short sword       |     7 |    10 |       |       |       |       |       ||    17
       Headbutt          |     1 |     4 |    33 |     6 |       |       |       ||    44
       Falchion          |       |     9 |    32 |       |       |       |       ||    41
       Trident           |       |       |    79 |    11 |       |       |       ||    90
       Long sword        |       |       |     9 |       |       |       |       ||     9
       Punch             |       |       |       |     1 |       |       |       ||     1
 Fire: Shortbow          |    77 |   135 |   146 |    35 |       |       |       ||   393
       Longbow           |       |       |       |   531 |  1426 |  1264 |  1175 ||  4396
Invok: Heroism           |       |       |     2 |     8 |     5 |     4 |     1 ||    20
       Finesse           |       |       |       |       |       |     2 |       ||     2
Evoke: Wand              |       |       |     3 |       |       |       |       ||     3
  Use: Scroll            |     4 |     2 |     4 |     9 |    12 |     5 |     6 ||    42
       Potion            |       |     2 |       |     5 |       |     6 |     4 ||    17
Armor: Leather armour    |     4 |       |       |       |       |       |       ||     4
       Ring mail         |     8 |     4 |       |       |       |       |       ||    12
       Chain mail        |       |    36 |    77 |   170 |       |       |       ||   283
       Plate armour      |       |       |       |    27 |   457 |   271 |   259 ||  1014
Dodge: Dodged            |    26 |    36 |    87 |   137 |   242 |   128 |   192 ||   848
Block: Other             |       |    13 |    39 |    57 |   146 |   183 |   176 ||   614
       Reflection        |       |       |       |       |    31 |    35 |    20 ||    86
       Rpst.: Falchion   |       |     4 |     3 |       |       |       |       ||     7
